 Dungeon Crawl Stone Soup version 0.28-a0-804-g60983d4ba9 (webtiles) character file.

Game seed: 6545382288532481652

2 cheechan the Chopper (level 1, 0/14 HPs)
             Began as an Octopode Gladiator on Nov 7, 2021.
             Frozen to death by an endoplasm (4 damage)
             ... on level 1 of the Dungeon.
             The game lasted 00:00:27 (117 turns).

cheechan the Chopper (Octopode Gladiator)            Turns: 117, Time: 00:00:28

Health: 0/14       AC:  1    Str: 13    XL:     1   Next: 40%
Magic:  1/1        EV: 13    Int: 10    God:
Gold:   0          SH:  0    Dex: 13    Spells: 0/0 levels left

rFire   . . .      SeeInvis .   a - +0 war axe
rCold   . . .      Faith    .   (no shield)
rNeg    . . .      Spirit   .   b - +0 hat
rPois   .          Reflect  .   (no amulet)
rElec   .          Harm     .   (no ring)
rCorr   .          Rampage  .   (no ring)
Will    .....                   (no ring)
Stlth   ++........              (no ring)
HPRegen 0.04/turn               (no ring)
MPRegen 0.07/turn               (no ring)
                                (no ring)
                                (no ring)

@: no status effects
A: almost no armour, amphibious, 8 rings, camouflage 1, gelatinous body 1,
(nimble swimmer 1), tentacles
a: no special abilities


You were on level 1 of the Dungeon.
You visited 1 branch of the dungeon, and saw 1 of its levels.

Inventory:

Hand Weapons
 a - a +0 war axe (weapon)
 f - a +0 hunting sling
Missiles
 c - 3 throwing nets (quivered)
Armour
 b - a +0 hat (worn)
Scrolls
 e - a scroll of teleportation {unknown}
Potions
 d - 2 potions of ambrosia {unknown}
 g - a potion of brilliance {unknown}


   Skills:
 + Level 2.0 Fighting
 + Level 3.1 Axes
 + Level 2.0 Throwing
 + Level 3.0 Dodging


You couldn't memorise any spells.
You didn't know any spells.
Your spell library was empty.

Dungeon Overview and Level Annotations

Branches:
Dungeon (1/15)

Altars:


Innate Abilities, Weirdness & Mutations

You cannot wear most types of armour.
You are amphibious.
You can wear up to eight rings at the same time.
Your skin changes colour to match your surroundings (Stealth+).
Your rubbery body absorbs attacks. (AC +1, EV +1)
((You are camouflaged near water. (Stealth+)))
You have tentacles for arms and can constrict up to eight enemies at once.


Message History

A frilled lizard comes into view.
The helpless frilled lizard fails to defend itself.
You slash the frilled lizard!
You kill the frilled lizard!
Found a dagger.
You see here a +0 hunting sling.
f - a +0 hunting sling A rat comes into view.
The rat bites you.
You see here a +0 dagger.
You hit the rat. You grab the rat.
The rat is heavily wounded.
You constrict the rat.
You kill the rat!
You see here a rat corpse.
Found an amethyst potion.
An endoplasm comes into view.
The endoplasm hits you.
You hit the endoplasm but do no damage. The endoplasm freezes you.
You are frozen.
The endoplasm hits you.
You hit the endoplasm but do no damage. You squeeze the endoplasm.
The endoplasm is heavily wounded.
The endoplasm barely misses you.
You hit the endoplasm.
The endoplasm is almost dead.
The endoplasm freezes you.
You are frozen.
* * * LOW HITPOINT WARNING * * *
You hit the endoplasm.
You kill the endoplasm!
g - an amethyst potion An endoplasm comes into view.
Found a stone staircase leading down.
A ball python comes into view.
The endoplasm quivers.
You completely miss the endoplasm. The endoplasm freezes you.
You are frozen.
You die...

##### #...# #....
####...# ####
#####...#.## ##...##
#.........## ##.....##
#.#.......##
#.....J.####.#......†).
#.....@..............##
#>......#.#....#...####
##.....##.#............
##.......#....########
##.#.#######... #.#..
..### #.### #.## #S .


You could see an endoplasm and a ball python (asleep).

Vanquished Creatures
  An endoplasm (D:1)
  A frilled lizard (D:1)
  A rat (D:1)
3 creatures vanquished.

Notes
Turn   | Place    | Note
-------+----------+-------------------------------------------
     0 | D:1      | cheechan the Octopode Gladiator began the quest for the
                  | Orb.
     0 | D:1      | Reached XP level 1. HP: 14/14 MP: 1/1
   117 | D:1      | Frozen to death by an endoplasm

Illustrated notes

Levels and vault maps discovered:
D:1:      dpeg_arrival_houses_and_road, layout_loops_ring,
          minmay_misc_feat_rows, minmay_curled_crystal,
          chequers_serial_rivers_micro_a

Action                   || total
-------------------------++-------
Melee: War axe           ||     7
       Constrict         ||     1
       Tentacles         ||     1
 Stab: Sleeping          ||     1
Dodge: Dodged            ||     1

Table legend: (Time is in decaauts)
 A = Elapsed time spent in this place.
 B = Non-inter-level travel time spent in this place.
 C = Inter-level travel time spent in this place.
 D = Time resting spent in this place.
 E = Time spent auto-exploring this place.
 F = Levels seen in this place.
 G = Mean time per level.
                   A        B        C        D        E       F      G
               +--------+--------+--------+--------+--------+-----+--------+
         Total |    119 |    119 |      0 |      0 |      0 |   1 |  119.0 |
       Dungeon |    119 |    119 |      0 |      0 |      0 |   1 |  119.0 |
               +--------+--------+--------+--------+--------+-----+--------+

Top non-repeatable levels by time:
     D:1: 119 daAuts
